 Dungeon Crawl Stone Soup version 0.17-a0-131-ga9cda9c (webtiles) character file.

1484 Tabbe the Shield-Bearer (level 8, -8/70 HPs)
             Began as a Gargoyle Fighter on Mar 24, 2015.
             Mangled by Prince Ribbit (10 damage)
             ... on level 5 of the Dungeon.
             The game lasted 00:07:23 (4331 turns).

Tabbe the Shield-Bearer (Gargoyle Fighter)          Turns: 4331, Time: 00:07:23

Health: -8/70      AC: 24    Str: 22    XL:     8   Next: 79%
Magic:  8/8        EV:  2    Int: 14    God:
Gold:   192        SH: 10    Dex:  7    Spells: 0 memorised, 7 levels left

rFire  . . .     SeeInvis .     o - +1 whip (drain)
rCold  . . .     Clarity  .     F - melded +1 leather armour "Kungam" {MR+ Str+2 Dex-2}
rNeg   + + +     SustAb   .     c - +0 shield
rPois  ∞         Gourm    .     i - melded +0 helmet
rElec  .         Spirit   .     x - melded +0 cloak
rCorr  .         Warding  .     A - melded +0 pair of gloves
rMut   .         Stasis   +     (boots currently unavailable)
MR     .....                    v - amulet of stasis
Stlth  +.........               (no ring)
                                (no ring)

@: brilliant, tree-form, not resistant to hostile enchantments, very unstealthy
A: (fangs 0), rugged brown scales 1, clumsy 1, negative energy resistance 1,
(electricity resistance), (unbreathing), petrification resistance, rot immunity,
AC +5
a: no special abilities


You were on level 5 of the Dungeon.
You were hungry.
You were a tree.
You visited 1 branch of the dungeon, and saw 5 of its levels.

You collected 192 gold pieces.

Inventory:

Hand weapons
 a - a +0 flail
 o - a +1 whip of draining (weapon)
 z - a +1 whip of flaming
Missiles
 t - 6 curare-tipped needles
Armour
 b - a +0 scale mail
 c - a +0 shield (worn)
 i - a +0 helmet (melded)
 x - a +0 cloak (melded)
 A - a +0 pair of gloves (melded)
 F - the +1 leather armour "Kungam" (melded) {MR+ Str+2 Dex-2}
   (You found it on level 5 of the Dungeon)

   It affects your strength (+2).
   It affects your dexterity (-2).
   It affects your resistance to hostile enchantments.
Jewellery
 v - an amulet of stasis (around neck)
 y - an uncursed amulet of clarity {unknown}
Scrolls
 f - 4 scrolls of remove curse {unknown}
 h - 3 scrolls of enchant armour {unknown}
 j - 5 scrolls of identify {unknown}
 p - 5 scrolls of teleportation {unknown}
 q - 2 scrolls of fear {unknown}
 s - a scroll of amnesia {unknown}
 B - a scroll of enchant weapon {unknown}
 C - a scroll of magic mapping {unknown}
 E - a scroll of random uselessness {unknown}
Potions
 e - a potion of might
 k - a potion of magic
 l - a potion of cure mutation {unknown}
 m - a potion of poison
 r - a potion of agility
 u - a potion of restore abilities
Comestibles
 d - 4 bread rations
 n - 2 meat rations


   Skills:
 - Level 3.2 Fighting
 + Level 6.5 Maces & Flails
 + Level 7.3 Armour
 + Level 7.5 Shields


You had 7 spell levels left.
You didn't know any spells.

Dungeon Overview and Level Annotations

Branches:
Dungeon (5/15)             Temple (0/1) D:5

Altars:

Annotations:
D:5 Prince Ribbit


Innate Abilities, Weirdness & Mutations

You are resistant to torment.
You are immune to poison.
((Your stone body is very resilient (AC +5).))
You resist negative energy.
((You are resistant to electric shocks.))
((You can survive without breathing.))
You are immune to petrification.
You are immune to rotting.
((You have very sharp teeth.))
(You are partially covered in rugged brown scales (AC +1, +3% HP).)
You are clumsy. (Dex -2)


Message History

Your +0 cloak melds into your body.
Your +0 helmet melds into your body.
Your +0 pair of gloves melds into your body.
The +1 leather armour "Kungam" {MR+ Str+2 Dex-2} melds into your body.
Your roots penetrate the ground.
You block Prince Ribbit's attack.
You miss Prince Ribbit.
Prince Ribbit is heavily wounded.
Prince Ribbit hits you.
* * * LOW HITPOINT WARNING * * *
Prince Ribbit hits you but does no damage.
You closely miss Prince Ribbit.
Prince Ribbit is heavily wounded.
Prince Ribbit croaks regally.
You block Prince Ribbit's attack.
You completely miss Prince Ribbit.
Prince Ribbit is heavily wounded.
You block Prince Ribbit's attack.
You closely miss Prince Ribbit.
Prince Ribbit is heavily wounded.
Prince Ribbit hits you!
You die...

##...............># ####
##.#.............# ##..##
#..............## #....##
##...###....#### #.....## ##.##
###### #......## #[# #.......##
##.## # #........###).F## ##
#........p#..#♣.## #.
#......(.(((###..## #.
#..........## ##..##### #.
#...(.......# ##......###### #.
##..(.......###...##.......###.
#...........#...##......#.))).
#...(..........##.......#####.
#(............####......# #.
#..[..........# #.....## #.


You could see Prince Ribbit.

Vanquished Creatures
  Pikel (D:5)
  Grinder (D:5)
  The ghost of Tabbe the Sneak, an average OpWz (D:3)
  A slave (D:5)
  An ogre (D:4)
  A centaur (D:5)
  2 giant frogs
  A jelly (D:4)
  A hound (D:4)
  A gnoll shaman (D:5)
  2 worker ants (D:4)
  2 river rats (D:4)
  3 gnolls (D:5)
  11 adders
  A giant mite (D:4)
  A shadow imp (D:4)
  4 worms
  An adder skeleton (D:4)
  An ooze (D:1)
  5 orcs
  A ball python (D:3)
  4 bats
  8 giant cockroaches
  10 goblins
  9 hobgoblins
  13 jackals
  3 quokkas
  4 giant geckos
  8 giant newts
  12 kobolds
  A quokka skeleton (D:5)
  7 rats
122 creatures vanquished.

Vanquished Creatures (others)
  A slave (D:5)
1 creature vanquished.

Grand Total: 123 creatures vanquished

Notes
Turn   | Place    | Note
--------------------------------------------------------------
     0 | D:1      | Tabbe, the Gargoyle Fighter, began the quest for the Orb.
     0 | D:1      | Reached XP level 1. HP: 14/14 MP: 1/1
   114 | D:1      | Reached XP level 2. HP: 12/19 MP: 2/2
   525 | D:1      | Reached XP level 3. HP: 23/23 MP: 3/3
   680 | D:2      | Reached skill level 4 in Shields
   731 | D:2      | Reached XP level 4. HP: 18/28 MP: 4/4
  1276 | D:3      | Noticed Tabbe's ghost (average OpWz)
  1295 | D:3      | Killed Tabbe's ghost
  1295 | D:3      | Reached XP level 5. HP: 27/32 MP: 5/5
  1437 | D:3      | Reached skill level 5 in Shields
  1562 | D:3      | Reached XP level 6. HP: 31/37 MP: 6/6
  1831 | D:3      | Noticed a giant frog
  1838 | D:3      | Killed a giant frog
  2167 | D:4      | Reached skill level 5 in Armour
  2819 | D:4      | Reached XP level 7. HP: 41/41 MP: 7/7
  3284 | D:5      | Entered Level 5 of the Dungeon
  3352 | D:4      | Reached skill level 5 in Maces & Flails
  3399 | D:5      | Noticed Prince Ribbit
  3491 | D:5      | Reached skill level 6 in Shields
  3693 | D:5      | Noticed Pikel
  3728 | D:5      | Killed Pikel
  3728 | D:5      | Reached skill level 7 in Shields
  3728 | D:5      | Reached XP level 8. HP: 38/46 MP: 8/8
  3838 | D:5      | Noticed Grinder
  3862 | D:5      | Killed Grinder
  4172 | D:5      | Found a staircase to the Ecumenical Temple.
  4183 | D:5      | Got an opal-encrusted leather armour
  4194 | D:5      | Identified the +1 leather armour "Kungam" {MR+ Str+2 Dex-2} (You found it on level 5 of the Dungeon)
  4326 | D:5      | Gained mutation: You are clumsy. (Dex -2) [potion of mutation]
  4326 | D:5      | Gained mutation: You are partially covered in rugged brown scales (AC +1, +3% HP). [potion of mutation]
  4326 | D:5      | Gained mutation: You have very sharp teeth. [potion of mutation]
  4328 | D:5      | HP: 2/70 [Prince Ribbit (5)]
  4331 | D:5      | Mangled by Prince Ribbit

Action                   |  1- 3 |  4- 6 |  7- 9 || total
-------------------------+-------+-------+-------++-------
Melee: Flail             |   116 |   105 |       ||   221
       Whip              |       |   127 |   335 ||   462
  Use: Potion            |       |       |    11 ||    11
  Eat: Chunk             |       |     2 |     3 ||     5
       Meat ration       |       |     1 |       ||     1
       Beef jerky        |       |       |     1 ||     1
